 Dungeon Crawl Stone Soup version 0.16-a0-2652-gd333f3b (webtiles) character file.

194 Fiveotanaka the Sneak (level 5, -3/31 HPs)
             Began as an Octopode Conjurer on Nov 23, 2014.
             Slain by a giant mite (5 damage)
             ... on level 3 of the Dungeon.
             The game lasted 00:13:35 (3606 turns).

Fiveotanaka the Sneak (Octopode Conjurer)           Turns: 3606, Time: 00:13:35

Health: -3/31      AC:  1    Str:  7    XL:     5   Next: 73%
Magic:  9/12       EV: 12    Int: 18    God:
Gold:   86         SH:  0    Dex: 13    Spells: 2 memorised, 8 levels left

rFire  + . .     SeeInvis .     l - +0 dagger (speed)
rCold  x . .     Clarity  .     (no shield)
rNeg   . . .     SustAb   +     (helmet restricted)
rPois  .         Gourm    .     (no amulet)
rElec  .         Spirit   .     q - ring of sustain abilities
rCorr  .         Warding  .     t - ring of fire
rMut   .         Stasis   .     (no ring)
MR     .....                    (no ring)
Stlth  ++++......               (no ring)
                                (no ring)
                                (no ring)
                                (no ring)

@: not resistant to hostile enchantments, stealthy
A: almost no armour, amphibious, 8 rings, constrict 8, camouflage 1, gelatinous
body 1
a: no special abilities


You were on level 3 of the Dungeon.
You were not hungry.

You visited 1 branch of the dungeon, and saw 3 of its levels.

You collected 86 gold pieces.

Inventory:

Hand weapons
 d - a +0 club
 i - a +0 hunting sling
 l - a +0 dagger of speed (weapon)
 s - a +0 whip of pain
Missiles
 k - 47 stones (quivered)
Jewellery
 q - a ring of sustain abilities (left tentacle)
 t - a ring of fire (right tentacle)
Scrolls
 a - 3 scrolls of amnesia
 g - a scroll of fear {unknown}
 h - a scroll of noise {unknown}
 u - a scroll of remove curse {unknown}
Potions
 e - 2 potions of agility
 j - a potion of mutation
 m - a potion of cancellation
 n - a potion of magic {unknown}
 p - a potion of flight
 v - a potion of degeneration {unknown}
Books
 c - a book of Conjurations

   Spells                             Type                      Level
   *Magic Dart                        Conjuration                  1
   *Searing Ray                       Conjuration                  2
   Dazzling Spray                     Conjuration/Hexes            3
   Fulminant Prism                    Conjuration/Hexes            4
   Iskenderun's Mystic Blast          Conjuration                  4
   Iskenderun's Battlesphere          Conjuration/Charms           5
Comestibles
 b - 4 bread rations
 f - 5 fruits
 o - a meat ration
 r - a royal jelly


   Skills:
 + Level 2.0 Dodging
 * Level 5.2 Stealth
 + Level 3.9 Spellcasting
 * Level 4.5 Conjurations


You had 8 spell levels left.
You knew the following spells:

 Your Spells              Type           Power        Failure   Level  Hunger
a - Magic Dart            Conj           ###.         1%          1    None
b - Searing Ray           Conj           ###...       3%          2    ##.....


Dungeon Overview and Level Annotations

Branches:
Dungeon (3/15)

Altars:
Ashenzari
Fedhas
Okawaru
Qazlal

Annotations:
D:3 Sigmund; tijit's ghost, average DrWz


Innate Abilities, Weirdness & Mutations

You cannot wear most types of armour.
You are amphibious.
You can wear up to eight rings at the same time.
You can use your tentacles to constrict many enemies at once.
Your skin changes colour to match your surroundings (Stealth).
Your rubbery body absorbs attacks (AC +1).


Message History

There is a stone staircase leading down here.
You climb downwards.
Level annotation: Sigmund; tijit's ghost, average DrWz Sigmund zaps a wand.
The magic dart hits you!
It is a wand of magic darts.
There is a stone staircase leading up here.
Casting: Magic Dart
Confirm with . or Enter, or press ? or * to list all spells.
Aiming: Searing Ray
Press: ? - help, Shift-Dir - straight line, f - Sigmund
Aim: Sigmund, wielding a scythe, wearing a robe and carrying a wand of magic darts {zapped: 1} The searing ray hits Sigmund.
Sigmund is lightly wounded.
Sigmund zaps a wand.
The magic dart hits you!
The searing ray misses Sigmund.
Sigmund says, "I'm your fate."
Sigmund zaps a wand.
The magic dart hits you!
Sigmund hits you from afar with a scythe!
* * * LOW HITPOINT WARNING * * *
The giant mite bites you.
You die...

## .. ###. .
....#######..
#..#........
#...........
#.s@........
#.#..@....$.
..
............
##
..............
..#.#.........
......?.......
#..#.#........
.# . ##..... .
..#†#


You could see Sigmund and a giant mite.

Vanquished Creatures
  A crimson imp (D:2)
  Ijyb (D:3)
  4 gnolls (D:2)
  3 adders (D:2)
  2 worms
  2 giant geckos
  3 orcs
  2 ball pythons (D:3)
  3 bats
  2 giant cockroaches (D:2)
  8 goblins
  9 hobgoblins
  4 jackals (D:2)
  7 kobolds
  2 quokkas (D:2)
  4 giant newts
  8 rats
65 creatures vanquished.

Notes
Turn   | Place    | Note
--------------------------------------------------------------
     0 | D:1      | Fiveotanaka, the Octopode Conjurer, began the quest for the Orb.
     0 | D:1      | Reached XP level 1. HP: 11/11 MP: 3/3
   336 | D:1      | Reached XP level 2. HP: 15/17 MP: 1/5
  1161 | D:2      | Reached XP level 3. HP: 21/21 MP: 1/6
  1349 | D:2      | Learned a level 2 spell: Searing Ray
  1673 | D:2      | Reached XP level 4. HP: 20/27 MP: 7/9
  1875 | D:2      | Found an iron altar of Okawaru.
  2545 | D:2      | Reached XP level 5. HP: 31/31 MP: 9/11
  2600 | D:2      | Found a shattered altar of Ashenzari.
  2609 | D:2      | Found a blossoming altar of Fedhas.
  2624 | D:2      | Found a stormy altar of Qazlal.
  2862 | D:3      | Noticed Ijyb
  2873 | D:3      | Killed Ijyb
  2873 | D:3      | Reached skill level 5 in Stealth
  2979 | D:3      | Noticed Sigmund
  3120 | D:3      | Noticed tijit's ghost (average DrWz)
  3606 | D:3      | Slain by a giant mite

Action                   |  1- 3 |  4- 6 || total
-------------------------+-------+-------++-------
Melee: Club              |     6 |       ||     6
       Unarmed           |     4 |       ||     4
       Dagger            |    14 |     9 ||    23
 Cast: Magic Dart        |    50 |    61 ||   111
       Searing Ray       |     3 |    12 ||    15
  Use: Scroll            |       |     5 ||     5
  Eat: Chunk             |     3 |     6 ||     9
